 Dungeon Crawl Stone Soup version 0.22.1-2-g9c5b331383 (webtiles) character file.

267 Marnok the Chopper (level 6, 0/53 HPs)
             Began as a Minotaur Fighter on Dec 28, 2018.
             Slain by a water moccasin (3 damage)
             ... on level 4 of the Dungeon.
             The game lasted 00:12:35 (2545 turns).

Marnok the Chopper (Minotaur Fighter)               Turns: 2545, Time: 00:12:35

Health: 0/53       AC:  7    Str: 23 (25) XL:     6   Next: 0%
Magic:  5/5        EV:  8    Int:  9 (10) God:
Gold:   153        SH: 10    Dex:  9 (12) Spells: 5/5 levels left

rFire    . . .     SeeInvis .   a - +0 war axe
rCold    . . .     Gourm    .   c - +0 shield
rNeg     . . .     Faith    .   b - +0 scale mail
rPois    .         Spirit   .   (helmet restricted)
rElec    .         Reflect  .   (no cloak)
rCorr    .         Harm     .   (no gloves)
MR       .....                  (no boots)
Stlth    ..........             (no amulet)
HPRegen  0.17/turn              (no ring)
MPRegen  0.09/turn              (no ring)

@: mighty, brilliant, lethally poisoned (0 -> -5)
A: retaliatory headbutt, horns 2
a: no special abilities


You were on level 4 of the Dungeon.
You were hungry.

You visited 1 branch of the dungeon, and saw 5 of its levels.

You collected 153 gold pieces.

Inventory:

Hand Weapons
 a - a +0 war axe (weapon)
 u - a cursed -2 whip
Missiles
 p - 3 javelins of returning (quivered)
Armour
 b - a +0 scale mail (worn)
 c - a +0 shield (worn)
 l - a +0 pair of gloves
Jewellery
 h - an uncursed amulet of harm {unknown}
Wands
 k - a wand of paralysis (11)
 m - a wand of scattershot (7)
 n - a wand of disintegration (10)
Scrolls
 e - 6 scrolls of identify {unknown}
 g - 2 scrolls of amnesia {unknown}
 i - 2 scrolls of teleportation {unknown}
 q - a scroll of enchant weapon {unknown}
 s - 2 scrolls of magic mapping {unknown}
Comestibles
 f - 13 rations
 r - 3 chunks of flesh


   Skills:
 + Level 4.5 Fighting
 + Level 5.5 Axes
 + Level 4.4 Armour
 + Level 1.2 Dodging
 + Level 0.2 Stealth
 + Level 4.6 Shields


You had 5 spell levels left.
You didn't know any spells.
Your spell library was empty.

Dungeon Overview and Level Annotations

Branches:
Dungeon (5/15)             Temple (0/1) D:4

Altars:
Hepliaklqana
Kikubaaqudgha

Shops:
D:4 *


Innate Abilities, Weirdness & Mutations

You reflexively headbutt those who attack you in melee.
You have a pair of horns on your head.


Message History

The water moccasin is moderately wounded.
You feel sick.
The water moccasin bites you but does no damage.
You block the water moccasin's attack.
You slash the water moccasin!
The water moccasin is almost dead.
You feel sick. You block the water moccasin's attack.
The water moccasin bites you!
* * * LOW HITPOINT WARNING * * *
You closely miss the water moccasin.
Your headbutt misses the water moccasin.
The water moccasin is almost dead.
* * * LOW HITPOINT WARNING * * *
You feel sick. The water moccasin bites you.
* * * LOW HITPOINT WARNING * * *
The water moccasin barely misses you.
You closely miss the water moccasin.
The water moccasin is severely wounded.
The water moccasin bites you.
You die...

.........# #.......# #....
#.#......# #.......###....
#.#......# #..............
(..<....### #.......###....
####......# #.......###....
l.....#...# #.........#....
...####...# ####
#.........#.... ...#
#...###...###.........#....
####
#.###.+.∩S@.#........(##### #.#
#.#..†#...........#####
##.###.#######...÷..........
#..........'.........#......
#########.....###########......
#.......#.....# #......
#.......####### #####..
#.......# #.. #.......# #..


You could see a water moccasin.

Vanquished Creatures
  A howler monkey (D:4)
  An orc priest (D:4)
  An iguana (D:4)
  3 gnolls (D:4)
  7 adders
  A worm (D:3)
  2 dart slugs
  3 leopard geckos
  4 orcs (D:4)
  4 bats
  4 giant cockroaches
  10 goblins
  4 hobgoblins
  8 jackals
  8 kobolds
  A quokka (D:2)
  A ball python (D:4)
  2 frilled lizards
  2 leopard gecko skeletons (D:4)
  5 rats
  2 plants (D:1)
74 creatures vanquished.

Notes
Turn   | Place    | Note
-------+----------+-------------------------------------------
     0 | D:1      | Marnok the Minotaur Fighter began the quest for the Orb.
     0 | D:1      | Reached XP level 1. HP: 19/19 MP: 0/0
    79 | D:2      | Reached skill level 3 in Axes
    79 | D:2      | Reached XP level 2. HP: 11/27 MP: 1/1
   397 | D:2      | Reached XP level 3. HP: 17/33 MP: 2/2
   630 | D:3      | Found a faded altar of an unknown god.
   897 | D:2      | Found a hazy altar of Hepliaklqana.
  1377 | D:1      | Reached XP level 4. HP: 40/40 MP: 3/3
  1881 | D:3      | Reached skill level 4 in Axes
  1911 | D:5      | Entered Level 5 of the Dungeon
  1940 | D:4      | Reached XP level 5. HP: 41/47 MP: 4/4
  2149 | D:4      | Found an ancient bone altar of Kikubaaqudgha.
  2358 | D:4      | Reached skill level 1 in Dodging
  2360 | D:4      | Reached skill level 5 in Axes
  2372 | D:4      | Found a staircase to the Ecumenical Temple.
  2525 | D:4      | Found Usavawk's Serpentskin Sales.
  2525 | D:4      | Noticed a water moccasin
  2540 | D:4      | Reached XP level 6. HP: 23/53 MP: 5/5
  2544 | D:4      | HP: 2/53 [water moccasin (3)]
  2545 | D:4      | Slain by a water moccasin

Skill      XL: |  1  2  3  4  5 |
---------------+----------------+-----
Axes           | 3 4 5 |  5.5
Armour         | 4 |  4.4
Fighting       | 4 |  4.5
Shields        | 4 |  4.6
Dodging        | 1 |  1.2
Stealth        | |  0.2

Action                   |  1- 3 |  4- 6 || total
-------------------------+-------+-------++-------
Melee: War axe           |   121 |   105 ||   226
       Headbutt          |    16 |    20 ||    36
  Use: Potion            |       |     7 ||     7
  Eat: Chunk             |     2 |     3 ||     5
Armor: Scale mail        |    63 |    38 ||   101
Dodge: Dodged            |    37 |    32 ||    69
Block: Shield            |    69 |    55 ||   124
